 Dungeon Crawl Stone Soup version 0.29.0-10-g45618ea6d2 (webtiles) character file.

Game seed: 15457822389095600097

133 sanka the Ruffian (level 4, 0/44 HPs)
             Began as a Troll Monk on Sept 1, 2022.
             Slain by an orc
             ... wielding a +0 trident
              (3 damage)
             ... on level 3 of the Dungeon.
             The game lasted 00:01:32 (1407 turns).

sanka the Ruffian (Troll Monk)                      Turns: 1407, Time: 00:01:34

Health: 0/44       AC:  4    Str: 21    XL:     4   Next: 94%
Magic:  3/3        EV: 14    Int:  6    God:
Gold:   77         SH:  0    Dex: 12    Spells: 3/3 levels left

rFire   . . .      SeeInvis .     - Unarmed
rCold   . . .      Faith    .   (no shield)
rNeg    . . .      Spirit   .   a - +0 robe
rPois   .          Reflect  .   (helmet restricted)
rElec   .          Harm     .   (no cloak)
rCorr   .          Rampage  .   (gloves unavailable)
Will    .....                   (boots unavailable)
Stlth   ++........              (no amulet)
HPRegen 0.94/turn               (no ring)
MPRegen 0.08/turn               g - +4 ring of evasion

@: no status effects
A: large, unfitting armour, claws 3, regeneration 1, shaggy fur 1, tough skin 1
a: no special abilities


You were on level 3 of the Dungeon.
You visited 1 branch of the dungeon, and saw 3 of its levels.

You collected 77 gold pieces.


Innate Abilities, Weirdness & Mutations

You are too large for most types of armour.
You have claws for hands.
Your natural rate of healing is unusually fast.
You are covered in fur. (AC +1)
You have tough skin. (AC +1)


   Skills:
 - Level 2.4 Fighting
 - Level 2.4 Dodging
 - Level 1.0 Stealth
 + Level 5.7 Unarmed Combat


You had 3 spell levels left.
You didn't know any spells.
Your spell library contained the following spells:

 Spells                   Type           Power      Damage    Failure   Level
 Magic Dart               Conj           0%         1d3       45%         1
 Call Imp                 Summ           0%         N/A       58%         2
 Gell's Gravitas          Tloc           0%         N/A       83%         3
 Lesser Beckoning         Tloc           0%         N/A       83%         3
 Mephitic Cloud           Conj/Pois/Air  0%         N/A       83%         3
 Teleport Other           Tloc           0%         N/A       83%         3

Inventory:

Armour
 a - a +0 robe (worn)
Jewellery
 g - a +4 ring of evasion (right claw)
Scrolls
 c - a scroll of poison {unknown}
 e - 3 scrolls of identify {unknown}
 h - a scroll of vulnerability {unknown}
 k - a scroll of torment {unknown}
 l - 2 scrolls of immolation {unknown}
 o - a scroll of enchant armour {unknown}
 p - a scroll of magic mapping {unknown}
Potions
 b - a potion of ambrosia
 d - 2 potions of attraction {unknown}
 f - a potion of haste {unknown}
 i - a potion of mutation {unknown}
 j - a potion of curing {unknown}
 m - a potion of degeneration {unknown}
 n - a potion of heal wounds {unknown}

Dungeon Overview and Level Annotations

Branches:
Dungeon (3/15)

Altars:

...▒ .... ▒..▒
▒.[▒ ▒..▒ ▒.o▒
▒o.▒ ▒oT▒ ▒▒ ▒..▒
..▒ ▒..▒ ▒.▒
▒..▒▒▒▒▒.▒ ▒.▒
▒..?.....▒. ▒.▒
▒▒▒'▒▒▒▒▒▒. ▒▒.▒▒
▒.▒...▒▒.▒▒...▒▒▒
▒.▒.▒.▒▒...<..)..
▒.▒.▒.▒.......▒▒▒


You could see an orc priest and 2 orcs.


Message History

You barely miss the orc. The orc misses you.
You scratch the orc priest but do no damage.
The orc closely misses you. The orc closely misses you.
The orc priest hits you but does no damage.
You barely miss the orc priest. The orc closely misses you.
The orc barely misses you.
The orc priest hits you but does no damage.
You claw the orc priest!
The orc priest is severely wounded.
The orc priest barely misses you. The orc misses you.
The orc hits you with a +0 war axe.
You closely miss the orc priest.
The orc priest is severely wounded.
The orc closely misses you.
The orc priest calls down the wrath of Beogh upon you.
Beogh smites you!
* * * LOW HITPOINT WARNING * * *
The orc completely misses you.
You scratch the orc priest. Your claw misses the orc priest.
The orc priest is almost dead.
The orc priest mumbles some strange prayers to Beogh against you.
Beogh smites you!
* * * LOW HITPOINT WARNING * * *
The orc hits you from afar with a +0 trident.
You die...

Action                   |  1- 3 |  4- 6 || total
-------------------------+-------+-------++-------
Melee: Unarmed           |    68 |    23 ||    91
       Punch             |     1 |       ||     1
Armor: Robe              |    15 |     4 ||    19
Dodge: Dodged            |    49 |    17 ||    66

Levels and vault maps discovered:
D:1:      kennysheep_arrival_seaside, layout_basic
D:2:      layout_basic, ebering_ecumenical_altar_webs, minmay_box_of_dots
D:3:      layout_loops_ring, mainiacjoe_overflow_surrounded_room,
          mainiacjoe_overflow_catwalk_spiral, nicolae_wu_jian_wuxing_cycle,
          roderic_serpentine_path

Notes
Turn   | Place    | Note
-------+----------+-------------------------------------------
     0 | D:1      | sanka the Troll Monk began the quest for the Orb.
     0 | D:1      | Reached XP level 1. HP: 22/22 MP: 0/0
   134 | D:1      | Reached XP level 2. HP: 28/29 MP: 1/1
   485 | D:1      | Reached skill level 4 in Unarmed Combat
   778 | D:2      | Reached XP level 3. HP: 32/36 MP: 2/2
   957 | D:2      | Found a faded altar of an unknown god.
  1244 | D:3      | Reached XP level 4. HP: 44/44 MP: 3/3
  1249 | D:3      | Reached skill level 5 in Unarmed Combat
  1407 | D:3      | HP: 3/44 [orc priest/divine providence (14)]
  1407 | D:3      | Slain by an orc

Vanquished Creatures
  An orc priest (D:3)
  5 gnolls
  An adder (D:2)
  A worm (D:3)
  A dart slug (D:2)
  An orc (D:3)
  2 endoplasms (D:2)
  A giant cockroach (D:2)
  2 goblins
  4 hobgoblins
  7 jackals
  2 kobolds
  6 bats
  2 frilled lizards
  7 rats
43 creatures vanquished.
